 Dungeon Crawl Stone Soup version 0.30-a0-122-g2a1322497e (webtiles) character file.

Game seed: 9577708320077990454

83 T7k8fj9 the Trooper (level 4, -3/35 HPs)
             Began as a Demonspawn Fighter on Sept 16, 2022.
             Killed from afar by Ijyb (16 damage)
             ... with a bolt of acid
             ... on level 3 of the Dungeon.
             The game lasted 00:04:37 (1926 turns).

T7k8fj9 the Trooper (Demonspawn Fighter)            Turns: 1926, Time: 00:04:38

Health: -3/35      AC:  2    Str: 18    XL:     4   Next: 22%
Magic:  4/4        EV: 10    Int:  9    God:
Gold:   90         SH:  4    Dex: 13    Spells: 3/3 levels left

rFire   + . .      SeeInvis .    a - +0 war axe
rCold   . . .      Faith    .    c - +0 buckler
rNeg    . . .      Spirit   .    e - +1 ring mail {rF+}
rPois   .          Reflect  .    (no helmet)
rElec   .          Harm     .    (no cloak)
rCorr   .          Rampage  .    (no gloves)
Will    .....                    (no boots)
Stlth   +.........               (no amulet)
HPRegen 0.11/turn                n - ring of flight
MPRegen 0.09/turn                (no ring)

@: mighty, corroded, flying
A: claws 1, ignite blood 1
a: no special abilities


You were on level 3 of the Dungeon.
You visited 1 branch of the dungeon, and saw 3 of its levels.

You collected 90 gold pieces.

Inventory:

Hand Weapons
 a - a +0 war axe (weapon)
Armour
 b - a +0 scale mail
 c - a +0 buckler (worn)
 e - a +1 ring mail of fire resistance (worn)
Jewellery
 n - a ring of flight (left claw)
Scrolls
 g - 4 scrolls of identify {unknown}
 h - 3 scrolls of teleportation {unknown}
 i - 2 scrolls of amnesia {unknown}
 k - a scroll of summoning {unknown}
 m - a scroll of butterflies {unknown}
 o - a scroll of enchant armour {unknown}
 p - 2 scrolls of fear {unknown}
Potions
 d - a potion of might
 f - 2 potions of mutation {unknown}
 j - a potion of brilliance {unknown}
 l - a potion of curing {unknown}
 q - a potion of lignification {unknown}
 r - a potion of invisibility {unknown}
 s - a potion of attraction {unknown}
 t - a potion of degeneration {unknown}


   Skills:
 + Level 3.4 Fighting
 + Level 2.4 Axes
 + Level 3.1 Armour
 + Level 1.3 Dodging
 + Level 3.1 Shields


You had 3 spell levels left.
You didn't know any spells.
Your spell library was empty.

Dungeon Overview and Level Annotations

Branches:
Dungeon (3/15)

Altars:

Annotations:
D:3 Ijyb


Innate Abilities, Weirdness & Mutations

You have sharp fingernails.
Your demonic aura sometimes causes spilled blood to erupt in flames.


Message History

You reach down and open the door.
There is an open door here.
You now have 87 gold pieces (gained 11).
There is an open door here.
You reach down and open the door.
There is an open door here.
You reach down and open the door.
There is an open door here.
You now have 90 gold pieces (gained 3).
You see here a +0 sling.
You reach down and open the door.
There is an open door here.
As you open the door, it creaks loudly!
A hobgoblin comes into view.
The hobgoblin shouts!
The hobgoblin hits you but does no damage.
You slash the hobgoblin!
You kill the hobgoblin!
No target in view!
You see here a hobgoblin corpse.
Ijyb the Twisted Goblin comes into view.
She is wielding a +0 dagger, wearing a +2 scale mail of willpower and carrying a wand of acid (4).
Ijyb shouts!
You hear a shout!
A rat comes into view.
Ijyb moves out of view.
A rat is nearby!
Ijyb zaps a wand.
The bolt of acid hits you!
Ijyb zaps a wand.
The bolt of acid hits you! The acid corrodes you!
You are too injured to fight recklessly!
You are too injured to fight recklessly!
You are too injured to fight recklessly!
You are too injured to fight recklessly!
The rat attacks as you move away! The rat bites you but does no damage.
You completely miss the rat. The rat bites you.
A kobold comes into view. It is wielding a +0 dagger.
You feel very mighty all of a sudden. The rat completely misses you.
You hit the rat.
You kill the rat!
Ijyb zaps a wand.
The bolt of acid hits you!
You die...

#. #. ######.
.....#. #......
#......
....K..#######
.......g@....######
.......####.......#
#....## #..####.#
#... #..#### #..
#.....# ## #.###.#
#.##..# #
##.#.†.#.###
+............


You could see Ijyb and a kobold.

Vanquished Creatures
  Natasha (D:2)
  An adder (D:3)
  2 dart slugs (D:2)
  A ball python (D:2)
  5 bats
  2 endoplasms
  3 giant cockroaches (D:1)
  6 goblins
  6 hobgoblins
  3 jackals
  A quokka (D:1)
  5 frilled lizards
  4 kobolds
  3 rats
43 creatures vanquished.

Vanquished Creatures (others)
  A plant (D:2)
1 creature vanquished.

Grand Total: 44 creatures vanquished

Notes
Turn   | Place    | Note
-------+----------+-------------------------------------------
     0 | D:1      | T7k8fj9 the Demonspawn Fighter began the quest for the Orb.
     0 | D:1      | Reached XP level 1. HP: 18/18 MP: 1/1
   174 | D:1      | Gained mutation: Your demonic aura sometimes causes spilled
                  | blood to erupt in flames. [demonic ancestry]
   174 | D:1      | Reached XP level 2. HP: 22/24 MP: 2/2
   903 | D:2      | Reached XP level 3. HP: 18/29 MP: 3/3
  1073 | D:2      | Noticed Natasha
  1082 | D:2      | Killed Natasha
  1083 | D:2      | Reached skill level 1 in Dodging
  1381 | D:2      | Gained mutation: You have sharp fingernails. [demonic
                  | ancestry]
  1381 | D:2      | Reached XP level 4. HP: 33/34 MP: 4/4
  1919 | D:3      | Noticed Ijyb
  1926 | D:3      | Killed from afar by Ijyb

Illustrated notes

Levels and vault maps discovered:
D:1:      evilmike_arrival_plus, layout_basic, grunt_decor_mini_mirrors,
          hangedman_abyss_or_decor_stabs, minmay_quantized
D:2:      layout_loops_cross, serial_forest, infiniplex_forest_straight_3,
          infiniplex_forest_clump_cross, infiniplex_forest_straight_4,
          infiniplex_forest_clump_diagonal, infiniplex_forest_straight_2,
          uniq_natasha
D:3:      minmay_door_path, layout_loops_corners,
          nicolae_overflow_hidden_temple, serial_shops,
          nicolae_shop_window_shopping, uniq_jessica, uniq_ijyb

Skill      XL: |  1  2  3 |
---------------+----------+-----
Axes           | 2 |  2.4
Armour         | 3 |  3.1
Dodging        | 1 |  1.3
Shields        | 3 |  3.1
Fighting       | |  3.4

Action                   |  1- 3 |  4- 6 || total
-------------------------+-------+-------++-------
Melee: War axe           |    88 |    21 ||   109
  Use: Potion            |       |     1 ||     1
Armor: Ring mail         |    36 |    12 ||    48
Dodge: Dodged            |    45 |     9 ||    54
Block: Buckler           |    14 |     7 ||    21

Table legend: (Time is in decaauts)
 A = Elapsed time spent in this place.
 B = Non-inter-level travel time spent in this place.
 C = Inter-level travel time spent in this place.
 D = Time resting spent in this place.
 E = Time spent auto-exploring this place.
 F = Levels seen in this place.
 G = Mean time per level.
                   A        B        C        D        E       F      G
               +--------+--------+--------+--------+--------+-----+--------+
         Total |   1971 |   1939 |     32 |     96 |   1523 |   3 |  657.0 |
       Dungeon |   1971 |   1939 |     32 |     96 |   1523 |   3 |  657.0 |
               +--------+--------+--------+--------+--------+-----+--------+

Top non-repeatable levels by time:
     D:2: 880 daAuts
     D:1: 771 daAuts
     D:3: 319 daAuts
